 Dungeon Crawl Stone Soup version 0.17-a0-670-g5d95ebd (console) character file.

1022 jernau the Magician (level 8, 0/62 HPs)
             Began as a Hill Orc Skald on Apr 18, 2015.
             Slain by trelanon's ghost (5 damage)
             ... on level 5 of the Dungeon.
             The game lasted 00:32:23 (5279 turns).

jernau the Magician (Hill Orc Skald)                Turns: 5279, Time: 00:32:23

Health: 0/62       AC:  9    Str: 15    XL:     8   Next: 22%
Magic:  25/25      EV: 12    Int: 14    God:
Gold:   192        SH:  0    Dex: 10    Spells: 2 memorised, 15 levels left

rFire  + . .     SeeInvis .     h - +0 trident
rCold  . . .     Clarity  .     b - +1 leather armour
rNeg   . . .     SustAb   .     (no shield)
rPois  .         Gourm    .     u - +2 helmet
rElec  .         Spirit   .     k - +0 cloak
rCorr  .         Warding  .     s - +0 pair of gloves
rMut   .         Stasis   +     (no boots)
MR     .....                    w - amulet of stasis
Stlth  ..........               q - ring of protection from fire
                                r - ring of magical power

@: confused, infused (expiring), not resistant to hostile enchantments,
extremely unstealthy
A: no striking features
a: no special abilities


You were on level 5 of the Dungeon.
You were not hungry.

You visited 1 branch of the dungeon, and saw 5 of its levels.

You collected 192 gold pieces.

Inventory:

Hand weapons
 a - a +1 spear
 h - a +0 trident (weapon)
 B - a +0 antimagic trident
Armour
 b - a +1 leather armour (worn)
 k - a +0 cloak (worn)
 s - a +0 pair of gloves (worn)
 u - a +2 helmet (worn)
 z - a +0 plate armour
Jewellery
 p - an uncursed ring of ice
 q - a ring of protection from fire (right hand)
 r - a ring of magical power (left hand)
 w - an amulet of stasis (around neck)
Magical devices
 C - a wand of fireball (5)
Scrolls
 o - 2 scrolls of remove curse
 v - 2 scrolls of enchant armour
 x - a scroll of magic mapping
 y - a scroll of fog {unknown}
Potions
 f - 2 potions of curing
 i - a potion of mutation {unknown}
 j - a potion of cure mutation
 l - 4 potions of might
 n - a potion of restore abilities
 t - a potion of poison {unknown}
 E - a potion of brilliance {unknown}
Books
 c - a book of Battle

   Spells                             Type                      Level
   a - Infusion                       Charms                       1
   b - Shroud of Golubria             Charms/Translocation         2
   c - Song of Slaying                Charms                       2
   d - Spectral Weapon                Hexes/Charms                 3
   e - Regeneration                   Charms/Necromancy            3
Comestibles
 d - 5 bread rations
 g - 3 meat rations


   Skills:
 - Level 2.4 Fighting
 - Level 2.1 Polearms
 - Level 1.1 Armour
 - Level 4.1 Dodging
 * Level 5.9 Spellcasting
 - Level 2.6 Charms
 + Level 2.0 Evocations


You had 15 spell levels left.
You knew the following spells:

 Your Spells              Type           Power        Failure   Level  Hunger
a - Infusion              Chrm           ##....       10%         1    None
b - Shroud of Golubria    Chrm/Tloc      #.........   21%         2    #......


Dungeon Overview and Level Annotations

Branches:
Dungeon (5/15)
 Temple: D:4-7

Altars:
Nemelex Xobeh
Trog
Vehumet

Shops:
D:5 *

Annotations:
D:5 trelanon's ghost, experienced VSCK


Message History

Trelanon's ghost hits you!
* * * LOW HITPOINT WARNING * * *
Drink which item? (? for menu, Esc to quit)
You are confused.
You feel invigorated. Trelanon's ghost hits you!
* * * LOW HITPOINT WARNING * * *
You closely miss trelanon's ghost.
Trelanon's ghost is lightly damaged.
Your magical infusion is running out.
Trelanon's ghost hits you!
* * * LOW HITPOINT WARNING * * *
You're too confused!
You bump into the rock wall.
Trelanon's ghost hits you!
* * * LOW HITPOINT WARNING * * *
You're too confused to move!
Trelanon's ghost hits you!
* * * LOW HITPOINT WARNING * * *
You hit trelanon's ghost.
Trelanon's ghost is moderately damaged.
Trelanon's ghost hits you.
You die...

#.........#####.# .
#####.##### #.# .# #.# #.† :.
#.# ##.∩ #. #.# ##... #. #.#
##.... # #. ##.## ##.....
##...##.########...####......
.........†.W@.........'......
##...##.########...####......
# #. ##.## ##..... .. ##.#
##.... ... #..# ##... .##.
#.## ##'# #. .. #.# #)# ..
#.# #)# # #.# ##.#


You could see trelanon's ghost.

Vanquished Creatures
  A sky beast (D:5)
  2 eyes of draining (D:4)
  3 ogres (D:4)
  A centaur (D:5)
  A scorpion (D:4)
  A water moccasin skeleton (D:4)
  A centaur skeleton (D:4)
  A jelly (D:5)
  Natasha (D:3)
  5 gnolls
  8 adders
  An ooze (D:5)
  2 worms
  4 giant geckos
  7 orcs
  12 goblins
  11 hobgoblins
  5 quokkas
  A ball python (D:4)
  14 bats
  3 giant cockroaches
  3 giant newts
  6 jackals
  A jackal zombie (D:5)
  10 kobolds
  9 rats
114 creatures vanquished.

Notes
Turn   | Place    | Note
--------------------------------------------------------------
     0 | D:1      | jernau, the Hill Orc Skald, began the quest for the Orb.
     0 | D:1      | Reached XP level 1. HP: 18/18 MP: 3/3
    39 | D:1      | Reached skill level 1 in Dodging
   323 | D:1      | Reached XP level 2. HP: 20/25 MP: 4/4
  1233 | D:2      | Reached XP level 3. HP: 30/30 MP: 0/5
  1777 | D:2      | Reached skill level 3 in Dodging
  1876 | D:2      | Reached XP level 4. HP: 35/37 MP: 6/6
  2557 | D:3      | Reached XP level 5. HP: 40/42 MP: 2/7
  2867 | D:3      | Noticed Natasha
  2878 | D:3      | Killed Natasha
  2878 | D:3      | Reached skill level 4 in Dodging
  2884 | D:3      | Learned a level 2 spell: Shroud of Golubria
  3163 | D:4      | Found a radiant altar of Vehumet.
  3274 | D:4      | Reached XP level 6. HP: 32/50 MP: 9/9
  3613 | D:4      | Noticed an eye of draining
  4242 | D:4      | Noticed an eye of draining
  4255 | D:4      | Killed an eye of draining
  4255 | D:4      | Reached XP level 7. HP: 56/56 MP: 0/13
  4275 | D:4      | Killed an eye of draining
  4275 | D:4      | Reached skill level 1 in Evocations
  4276 | D:4      | Found a bloodstained altar of Trog.
  4428 | D:4      | Noticed an ogre
  4435 | D:4      | Killed an ogre
  4552 | D:4      | Found a sparkling altar of Nemelex Xobeh.
  4574 | D:4      | Reached skill level 5 in Spellcasting
  4600 | D:5      | Entered Level 5 of the Dungeon
  4632 | D:5      | Reached XP level 8. HP: 18/62 MP: 15/15
  4968 | D:5      | Found Xautt's Assorted Antiques.
  5256 | D:5      | Noticed trelanon's ghost (experienced VSCK)
  5278 | D:5      | HP: 2/62 [trelanon's ghost (10)]
  5279 | D:5      | Slain by trelanon's ghost

Action                   |  1- 3 |  4- 6 |  7- 9 || total
-------------------------+-------+-------+-------++-------
Melee: Spear             |   145 |   341 |    24 ||   510
       Trident           |       |       |   117 ||   117
 Cast: Infusion          |     3 |    10 |     7 ||    20
       Shroud of Golubri |       |       |     3 ||     3
Evoke: Wand              |       |     3 |     1 ||     4
  Use: Scroll            |     8 |     6 |     3 ||    17
       Potion            |       |     3 |     2 ||     5
 Stab: Sleeping          |       |       |     1 ||     1
  Eat: Chunk             |     3 |     7 |     2 ||    12
       Royal jelly       |       |     1 |       ||     1
       Beef jerky        |       |       |     1 ||     1
